 Dungeon Crawl Stone Soup version 0.21.0-24-g2553a33 (webtiles) character file.

50 Jatast the Skirmisher (level 3, -4/24 HPs)
             Began as a Gargoyle Wanderer on Jan 20, 2018.
             Slain by a gnoll
             ... wielding a +0 club
              (5 damage)
             ... on level 4 of the Dungeon.
             The game lasted 00:05:03 (2357 turns).

Jatast the Skirmisher (Gargoyle Wanderer)           Turns: 2357, Time: 00:05:04

Health: -4/24      AC:  8    Str: 15    XL:     3   Next: 79%
Magic:  4/4        EV:  6    Int: 15    God:
Gold:   65         SH:  7    Dex:  7    Spells: 3/4 levels left

rFire    . . .     SeeInvis .   m - +0 whip
rCold    . . .     Gourm    .   a - +0 shield
rNeg     + . .     Faith    .   i - -1 scale mail
rPois    ∞         Spirit   .   (no helmet)
rElec    +         Reflect  .   (no cloak)
rCorr    .         Harm     .   (no gloves)
MR       .....                  (no boots)
Stlth    ..........             (no amulet)
HPRegen  0.08/turn              (no ring)
MPRegen  0.09/turn              (no ring)

@: no status effects
A: negative energy resistance 1, electricity resistance, unbreathing,
petrification resistance, rot immunity, AC +3
a: no special abilities


You were on level 4 of the Dungeon.
You were not hungry.

You visited 1 branch of the dungeon, and saw 3 of its levels.

You collected 65 gold pieces.

Inventory:

Hand Weapons
 m - a +0 whip (weapon)
Missiles
 g - 93 stones (quivered)
Armour
 a - a +0 shield (worn)
 i - a -1 scale mail (worn)
Scrolls
 c - a scroll of teleportation
 l - 2 scrolls of remove curse
Potions
 h - a potion of lignification
Books
 b - the Guide on the Mountains

   Spells                             Type                      Level
   a - Sandblast                      Earth                        1
   b - Stone Arrow                    Conjuration/Earth            3
Comestibles
 f - 2 rations


   Skills:
 + Level 3.9 Fighting
 + Level 1.8 Maces & Flails
 - Level 2.0 Armour
 - Level 1.1 Stealth
 - Level 2.0 Shields
 - Level 1.0 Spellcasting
   Level 1.0 Necromancy
   Level 1.0 Poison Magic


You had 3 spell levels left.
You knew the following spells:

 Your Spells              Type           Power        Failure   Level  Hunger
a - Sandblast             Erth           #.....       99%         1    ##.....


Dungeon Overview and Level Annotations

Branches:
Dungeon (2/15)

Altars:
Kikubaaqudgha
Xom


Innate Abilities, Weirdness & Mutations

You are resistant to torment.
Your stone body is resilient. (AC +3)
You are immune to poison.
You resist negative energy. (rN+)
You are resistant to electric shocks. (rElec)
You can survive without breathing.
You are immune to petrification.
You are immune to rotting.


Message History

You hit the gnoll but do no damage.
The gnoll is severely wounded.
The gnoll hits you with a club.
* * * LOW HITPOINT WARNING * * *
The gnoll barely misses you.
You hit the gnoll.
The gnoll is almost dead.
The gnoll hits you but does no damage.
The gnoll hits you from afar with an enchanted spear.
* * * LOW HITPOINT WARNING * * *
You hit the gnoll but do no damage.
The gnoll is almost dead.
You block the gnoll's attack. The gnoll hits you with a club.
* * * LOW HITPOINT WARNING * * *
You barely miss the gnoll.
The gnoll is almost dead.
The gnoll hits you from afar with an enchanted spear.
* * * LOW HITPOINT WARNING * * *
The gnoll hits you with a club.
You die...

###########
###....@gg..# #
#.#..######'.......
#§#.#..# ........#
#...#..# #....P...#
+._.'..# #.....P...
#...#..# ......#...
#.#.#>.# .....##.._
# #.#..# #...... ..
###..#


You could see 2 gnolls.

Vanquished Creatures
  A gnoll (D:4)
  An adder (D:2)
  A leopard gecko (D:1)
  A giant cockroach (D:1)
  3 goblins
  A hobgoblin (D:2)
  3 jackals (D:1)
  A quokka (D:4)
  6 bats
  6 kobolds
  4 rats
28 creatures vanquished.

Notes
Turn   | Place    | Note
-------+----------+-------------------------------------------
     0 | D:1      | Jatast the Gargoyle Wanderer began the quest for the Orb.
     0 | D:1      | Jatast set off with: a +0 shield, the Guide on the Mountains, a scroll of teleportation, a +0 robe, a +0 club, a ration
     0 | D:1      | Reached XP level 1. HP: 14/14 MP: 2/2
     0 | D:1      | Identified the Guide on the Mountains
    20 | D:1      | Learned a level 1 spell: Sandblast
   608 | D:1      | Reached XP level 2. HP: 19/19 MP: 3/3
  1425 | D:2      | Reached XP level 3. HP: 24/24 MP: 4/4
  2033 | D:2      | You fall through a shaft for 2 floors!
  2033 | D:4      | Noticed a bullfrog
  2318 | D:4      | Found a shimmering altar of Xom.
  2331 | D:4      | Found an ancient bone altar of Kikubaaqudgha.
  2357 | D:4      | HP: 1/24 [gnoll/enchanted spear (2)]
  2357 | D:4      | Slain by a gnoll

Skill      XL: |  1  2  3 |
---------------+----------+-----
Shields        | 2 |  2.0
Armour         | 2 |  2.0
Fighting       | |  3.9
Maces & Flails | |  1.8
Stealth        | |  1.1
Spellcasting   | |  1.0
Necromancy     | |  1.0
Poison Magic   | |  1.0

Action                   || total
-------------------------++-------
Melee: Club              ||    33
       Dagger            ||    94
       Whip              ||   119
  Use: Potion            ||     2
       Scroll            ||     4
  Eat: Chunk             ||     5
Armor: Robe              ||     9
       Scale mail        ||   121
Dodge: Dodged            ||    85
Block: Shield            ||   119
